 Dungeon Crawl Stone Soup version 0.29.1-15-g9cfb28693d (webtiles) character file.

Game seed: 4694961455534621734

37958 EarthwalkerPL the Peltast (level 13, -4/123 HPs)
             Began as a Minotaur Fighter on Mar 2, 2023.
             Was a High Priest of Okawaru.
             Slain by a 16-headed hydra (11 damage)
             ... on level 2 of the Lair of Beasts.
             The game lasted 00:55:45 (22822 turns).

EarthwalkerPL the Peltast (Minotaur Fighter)       Turns: 22822, Time: 00:55:45

Health: -4/123     AC: 23    Str: 26    XL:     13   Next: 61%
Magic:  16/16      EV: 12    Int:  5    God:    Okawaru [*****.]
Gold:   1263       SH:  8    Dex: 10    Spells: 12/12 levels left

rFire   x . .      SeeInvis .   Q - +4 war axe
rCold   + + +      Faith    .   c - +0 buckler
rNeg    . . .      Spirit   .   l - +1 plate armour {rC+}
rPois   .          Reflect  .   (helmet restricted)
rElec   .          Harm     .   V - +1 cloak {rC+}
rCorr   .          Rampage  +   (no gloves)
Will    .....                   L - +2 pair of boots {rampage}
Stlth   ..........              j - amulet of regeneration
HPRegen 1.10/turn               p - ring of ice
MPRegen 0.15/turn               z - +4 ring of evasion

@: studying Shields
A: horns 2, retaliatory headbutt
a: Renounce Religion, Heroism, Finesse, Duel


You were on level 2 of the Lair of Beasts.
You worshipped Okawaru.
Okawaru was extremely pleased with you.
You visited 4 branches of the dungeon, and saw 16 of its levels.
You also visited: Sewer and Ice Cave.

You collected 1403 gold pieces.
You spent 140 gold pieces at shops.

Inventory:

Hand Weapons
 Q - a +4 war axe (weapon)
Missiles
 f - 2 javelins
 r - 41 poisoned darts (quivered)
 J - 4 atropa-tipped darts
 X - a throwing net
 Y - 6 curare-tipped darts
 Z - 9 boomerangs
Armour
 a - the +18 shield of the Gong {rElec rN+ Will+ EV-5}
   (Okawaru gifted it to you on level 9 of the Dungeon)

   It is deafeningly noisy when blocking attacks.
   EV:        It affects your evasion (-5).
   rElec:     It insulates you from electricity.
   rN:        It protects you from negative energy.
   Will:      It increases your willpower.
 c - a +0 buckler (worn)
 l - a +1 plate armour of cold resistance (worn)
 L - a +2 pair of boots of rampaging (worn)
 V - a +1 cloak of cold resistance (worn)
Jewellery
 e - a ring of see invisible
 j - an amulet of regeneration (around neck)
 p - a ring of ice (left hand)
 q - an amulet of the acrobat
 z - a +4 ring of evasion (right hand)
 O - a ring "Tuq Hox" {Ice Fly rN++}
   (You found it in an ice cave)

   [ring of ice]

   It enhances your ice magic.
   rF:        It makes you vulnerable to fire.
   rC:        It protects you from cold.
   rN:        It greatly protects you from negative energy.
   Fly:       It grants you flight.
 P - a ring of protection from cold
 W - a ring of willpower
Wands
 b - a wand of light (4)
 n - a wand of charming (13)
 C - a wand of flame (11)
 K - a wand of roots (6)
 S - a wand of mindburst (7)
Scrolls
 i - 4 scrolls of immolation
 k - 5 scrolls of teleportation
 u - a scroll of enchant armour
 v - 2 scrolls of blinking
 x - 2 scrolls of fear
 y - 3 scrolls of poison
 A - 2 scrolls of vulnerability
 D - 3 scrolls of magic mapping
 F - a scroll of silence
 H - a scroll of amnesia
 N - a scroll of torment
 U - a scroll of brand weapon {unknown}
Potions
 d - a potion of might
 g - 5 potions of flight
 h - a potion of attraction {unknown}
 m - 3 potions of curing
 o - 4 potions of invisibility
 s - 3 potions of heal wounds
 t - 2 potions of ambrosia {unknown}
 w - a potion of berserk rage {unknown}
 B - 3 potions of lignification {unknown}
 E - 5 potions of brilliance
 G - a potion of degeneration {unknown}
 I - a potion of cancellation {unknown}
 M - 4 potions of haste {unknown}
 R - 4 potions of mutation {unknown}
 T - a potion of resistance {unknown}


   Skills:
 * Level 13.8 Fighting
 * Level 13.5 Axes
 + Level 6.5 Throwing
 * Level 13.8 Armour
 * Level 16.8 Shields
 + Level 6.4 Invocations


You had 12 spell levels left.
You didn't know any spells.
Your spell library was empty.

Dungeon Overview and Level Annotations

Branches:
Dungeon (11/15)            Temple (1/1) D:5            Lair (2/5) D:9
 Spider (0/4) Lair:2          Orc (2/2) D:9             Elf (0/3) Orc:2
  Sewer (visited)           IceCv (visited)
  Swamp: Lair:2-3    Shoals: Lair:2-3

Altars:
Ashenzari
Cheibriados
Dithmenos
Elyvilon
Fedhas
Gozag
Hepliaklqana
Kikubaaqudgha
Makhleb
Nemelex Xobeh
Okawaru
Qazlal
Ru
Sif Muna
Trog
Uskayaw
Vehumet
Wu Jian
Xom
Yredelemnul
Zin
The Shining One

Shops:
D:1 (   Orc:1 (   Orc:2 [?*=

Annotations:
D:4 2 transporters, burchardtist's ghost, amateur HOBe


Innate Abilities, Weirdness & Mutations

You have a pair of horns on your head.
You reflexively headbutt those who attack you in melee.


Message History

The 14-headed hydra closely misses you. The 14-headed hydra barely misses you.
The 14-headed hydra bites you but does no damage.
The 14-headed hydra bites you!
The 14-headed hydra bites you but does no damage.
The 14-headed hydra bites you. x2; The 14-headed hydra barely misses you.
The 14-headed hydra bites you!
* * * LOW HITPOINT WARNING * * *
The 14-headed hydra misses you.
You chop one of the 14-headed hydra's heads off!
The 13-headed hydra grows two more!
You slash the 15-headed hydra!
The 15-headed hydra is moderately wounded.
The 15-headed hydra bites you but does no damage.
You block the 15-headed hydra's attack. The 15-headed hydra closely misses you.
The 15-headed hydra bites you but does no damage.
You block the 15-headed hydra's attack. The 15-headed hydra bites you!
* * * LOW HITPOINT WARNING * * *
The 15-headed hydra barely misses you.
The 15-headed hydra bites you but does no damage.
The 15-headed hydra closely misses you. The 15-headed hydra bites you!
* * * LOW HITPOINT WARNING * * *
The 15-headed hydra bites you but does no damage.
The 15-headed hydra barely misses you. The 15-headed hydra bites you!
* * * LOW HITPOINT WARNING * * *
The 15-headed hydra bites you.
* * * LOW HITPOINT WARNING * * *
You block the 15-headed hydra's attack.
You hack one of the 15-headed hydra's heads off!
The 14-headed hydra grows two more!
You slash the 16-headed hydra! You headbutt the 16-headed hydra!
The 16-headed hydra is heavily wounded.
The 16-headed hydra bites you but does no damage.
You block the 16-headed hydra's attack.
The 16-headed hydra bites you but does no damage. x2
The 16-headed hydra barely misses you.
The 16-headed hydra completely misses you.
The 16-headed hydra bites you.
* * * LOW HITPOINT WARNING * * *
The 16-headed hydra bites you but does no damage.
You block the 16-headed hydra's attack. The 16-headed hydra bites you!
You die...

... ... #^^... ....
^^^..# .....
###^...#^
.....########.#...^^^
......#..##P...^$.^>
.................#
...........D.....##
.#.##.###.†#@.^..^##
# #.###......^#
#####...^...#
####.#.........#
#.<†#†#........#
#........#........
#....⌠.....#.......
##...#####...##......
..... #....##.....


You could see a 16-headed hydra.

Vanquished Creatures
  A reaper (IceCv)
  Snorg (D:11)
  An ice dragon (Lair:1)
  Harold (D:11)
  An ogre mage (Orc:1)
  6 two-headed ogres
  A centaur warrior (D:10)
  Erica (Orc:1)
  7 orc high priests
  Sonja (D:11)
  Pikel (D:6)
  2 orc sorcerers (Orc:1)
  An orc knight (D:9)
  A cyclops (Orc:1)
  An ice statue (IceCv)
  2 cane toads (Lair:1)
  2 black mambas
  A rime drake (Lair:1)
  Maggie (D:7)
  6 trolls
  A komodo dragon (D:10)
  An anaconda simulacrum (IceCv)
  5 hornets
  32 yaks
  A wraith (D:11)
  A basilisk (Lair:1)
  6 wyverns
  2 steam dragons
  5 death yak simulacra (IceCv)
  2 redbacks (Lair:2)
  2 harpy simulacra (IceCv)
  8 wargs
  3 water moccasins
  2 acid dragons
  Duvessa (D:7)
  A floating eye (D:8)
  2 hydra simulacra (IceCv)
  19 orc warriors
  An ice beast (D:7)
  2 black bears
  A sky beast (D:6)
  4 wolves (D:9)
  12 ogres
  4 centaurs
  2 phantoms
  9 kobold brigands
  3 lemures (D:5)
  8 bullfrogs
  A necrophage (D:6)
  4 gnoll sergeants
  4 two-headed ogre simulacra (IceCv)
  2 cane toad simulacra (IceCv)
  9 wights
  Dowan (D:7)
  2 elephant simulacra (IceCv)
  15 killer bees (D:9)
  4 electric eels
  3 howler monkeys
  A vampire bat (Orc:1)
  34 orc priests
  A gnoll bouda (D:4)
  5 hounds
  Crazy Yiuf (D:6)
  7 iguanas
  17 orc wizards
  3 troll simulacra (IceCv)
  2 polar bear simulacra (IceCv)
  5 spriggan simulacra (IceCv)
  5 gnolls
  9 naga simulacra (IceCv)
  6 adders
  3 river rats (Sewer)
  6 white imps
  7 ufetubi
  2 worms (D:2)
  95 orcs
  9 ball pythons
  8 endoplasms
  7 giant cockroaches
  15 hobgoblins
  7 jackals
  3 quokkas
  15 bats
  6 frilled lizards
  5 goblins
  25 kobolds
  9 rats
542 creatures vanquished.

Vanquished Creatures (others)
  2 fungi (Lair:1)
  4 plants (Lair:1)
6 creatures vanquished.

Grand Total: 548 creatures vanquished

Notes
Turn   | Place    | Note
-------+----------+-------------------------------------------
     0 | D:1      | EarthwalkerPL the Minotaur Fighter began the quest for the
                  | Orb.
     0 | D:1      | Reached XP level 1. HP: 19/19 MP: 0/0
    90 | D:1      | Reached XP level 2. HP: 25/27 MP: 1/1
   600 | D:1      | Found Duramp's Antique Weapon Boutique.
   723 | D:2      | Reached XP level 3. HP: 32/33 MP: 2/2
   853 | D:2      | Found a shimmering altar of Xom.
   903 | D:2      | Found a faded altar of an unknown god.
  1204 | D:2      | Reached XP level 4. HP: 38/41 MP: 3/3
  1261 | D:2      | Reached skill level 4 in Shields
  1362 | D:2      | Identified the +4 whip of Ignis's Envy {vorpal, rElec}
  1629 | D:3      | Found a glowing drain.
  1633 | Sewer    | Entered a sewer
  1961 | Sewer    | Noticed a kobold brigand
  1969 | Sewer    | Noticed a kobold brigand
  1981 | Sewer    | Killed a kobold brigand
  1982 | Sewer    | Reached skill level 5 in Fighting
  1982 | Sewer    | Reached skill level 5 in Armour
  1982 | Sewer    | Reached XP level 5. HP: 9/48 MP: 4/4
  1985 | Sewer    | HP: 2/48 [kobold brigand/+0 club (3)]
  1990 | Sewer    | HP: 1/48 [kobold brigand/+0 club (1)]
  2304 | Sewer    | Found a white marble altar of Elyvilon.
  2502 | D:3      | Reached XP level 6. HP: 56/56 MP: 5/5
  3196 | D:4      | Found a transporter.
  3196 | D:4      | Noticed burchardtist's ghost (amateur HOBe)
  3260 | D:4      | Found a shimmering blue altar of Sif Muna.
  3312 | D:4      | Found a transporter.
  3484 | D:4      | Reached skill level 5 in Axes
  3821 | D:5      | Entered Level 5 of the Dungeon
  3857 | D:5      | Reached XP level 7. HP: 62/62 MP: 6/6
  3875 | D:5      | Found a staircase to the Ecumenical Temple.
  3888 | D:5      | Reached skill level 5 in Shields
  3889 | Temple   | Entered the Ecumenical Temple
  4101 | Temple   | Became a worshipper of Warmaster Okawaru
  4367 | D:5      | Found a radiant altar of Vehumet.
  4367 | D:5      | Found a faded altar of an unknown god.
  4373 | D:5      | Found an ornate altar of the Wu Jian Council.
  4375 | D:5      | Found a bloodstained altar of Trog.
  4377 | D:5      | Found a faded altar of an unknown god.
  4591 | D:6      | Noticed Pikel
  4963 | D:6      | Reached * piety under Okawaru
  4964 | D:6      | Reached XP level 8. HP: 73/73 MP: 7/7
  5032 | D:6      | Found a runed translucent door.
  5033 | D:6      | Noticed Crazy Yiuf
  5162 | D:6      | Killed Pikel
  5162 | D:6      | Reached ** piety under Okawaru
  5163 | D:6      | Reached skill level 6 in Shields
  5628 | D:6      | Killed Crazy Yiuf
  5737 | D:7      | Noticed Dowan
  5737 | D:7      | Noticed Duvessa
  5750 | D:7      | Killed Duvessa
  5758 | D:7      | Killed Dowan
  5938 | D:7      | Reached XP level 9. HP: 70/82 MP: 8/8
  6077 | D:7      | Noticed Maggie
  6098 | D:7      | Killed Maggie
  6098 | D:7      | Reached *** piety under Okawaru
  6099 | D:7      | Reached skill level 1 in Throwing
  6099 | D:7      | Reached skill level 7 in Shields
  6099 | D:7      | Reached skill level 1 in Invocations
  6960 | D:8      | Reached skill level 8 in Shields
  7088 | D:8      | Reached **** piety under Okawaru
  7121 | D:9      | HP: 4/83 [black bear (1)]
  7480 | D:9      | Reached skill level 9 in Shields
  7977 | D:9      | Reached XP level 10. HP: 62/81 MP: 10/10
  8264 | D:8      | Found a basalt altar of Yredelemnul.
  8480 | D:7      | Reached skill level 10 in Shields
  8481 | D:7      | Reached skill level 10 in Armour
  8482 | D:7      | Reached ***** piety under Okawaru
  8483 | D:7      | Reached skill level 10 in Fighting
  9035 | D:9      | Noticed a two-headed ogre
  9045 | D:9      | Killed a two-headed ogre
  9166 | D:9      | Identified the -1 hat "Vovvud" {Contam rC++ rCorr} (Okawaru
                  | gifted it to you on level 9 of the Dungeon)
  9166 | D:9      | Received a gift from Okawaru
  9167 | D:9      | Reached skill level 10 in Axes
  9194 | D:9      | Reached skill level 11 in Shields
  9768 | D:9      | Noticed a two-headed ogre
  9773 | D:9      | Killed a two-headed ogre
  9774 | D:9      | Reached XP level 11. HP: 71/101 MP: 12/12
  9780 | D:8      | Paralysed by a floating eye for 3 turns
 10270 | D:9      | Found a staircase to the Lair.
 10304 | D:9      | Reached skill level 12 in Shields
 10900 | D:9      | Found a staircase to the Orcish Mines.
 11718 | D:9      | Found a sacrificial altar of Ru.
 11745 | D:9      | Received a gift from Okawaru
 12138 | Orc:1    | Entered Level 1 of the Orcish Mines
 12139 | Orc:1    | Noticed an orc knight
 12266 | D:10     | Entered Level 10 of the Dungeon
 12266 | D:10     | Noticed a centaur warrior
 12553 | D:9      | Reached skill level 13 in Shields
 13079 | D:9      | Received a gift from Okawaru
 13079 | D:9      | Found the +18 shield of the Gong {rElec rN+ Will+ EV-5}
 13363 | D:10     | Noticed an angel
 13364 | D:10     | Found a glowing silver altar of Zin.
 13837 | D:10     | Killed a centaur warrior
 14675 | D:11     | Noticed Snorg
 14711 | D:11     | Killed Snorg
 14712 | D:11     | Reached XP level 12. HP: 12/112 MP: 14/14
 15218 | D:11     | Noticed Sonja
 15219 | D:11     | Noticed Harold
 15228 | D:11     | Killed Harold
 15459 | D:11     | Killed Sonja
 15460 | D:11     | Reached skill level 5 in Throwing
 15460 | D:11     | Reached skill level 14 in Shields
 15460 | D:11     | Reached skill level 5 in Invocations
 15633 | D:11     | Noticed a five-headed hydra
 15694 | Orc:1    | Noticed Erica
 15933 | Orc:1    | Killed Erica
 16079 | Orc:1    | Noticed a two-headed ogre
 16086 | Orc:1    | Killed a two-headed ogre
 16299 | Orc:1    | Noticed a two-headed ogre
 16301 | Orc:1    | Noticed an ogre mage
 16318 | Orc:1    | Killed a two-headed ogre
 16326 | Orc:1    | Noticed a two-headed ogre
 16328 | Orc:1    | Noticed a two-headed ogre
 16559 | D:9      | Killed a two-headed ogre
 16635 | D:9      | Killed a two-headed ogre
 16635 | D:9      | Identified the +4 chain mail "Zaazuur" {rElec rPois Will++
                  | Int-5} (Okawaru gifted it to you on level 9 of the Dungeon)
 16635 | D:9      | Received a gift from Okawaru
 16837 | Orc:1    | Killed an ogre mage
 16893 | Orc:1    | Found Ogopilus's Weapon Emporium.
 17031 | Orc:2    | Entered Level 2 of the Orcish Mines
 17031 | Orc:2    | Found a burning altar of Makhleb.
 17194 | Orc:2    | Reached skill level 15 in Shields
 17423 | Orc:2    | Noticed an orc high priest
 17547 | Orc:2    | Noticed an orc high priest
 18131 | Orc:2    | Killed an orc high priest
 18170 | Orc:1    | Killed an orc high priest
 18412 | Orc:2    | Noticed an orc high priest
 18658 | Orc:2    | Killed an orc high priest
 18820 | Orc:2    | Noticed an orc high priest
 18835 | Orc:2    | Killed an orc high priest
 18836 | Orc:2    | Reached XP level 13. HP: 103/122 MP: 16/16
 19102 | Orc:2    | Found a staircase to the Elven Halls.
 19179 | Orc:2    | Found Wusutou's Assorted Antiques.
 19179 | Orc:2    | Found Isome Joeg's Jewellery Shop.
 19552 | Orc:2    | Found Kesoj's Armour Emporium.
 19552 | Orc:2    | Found Kityorhu's Magic Scroll Shop.
 20059 | Orc:1    | Reached skill level 16 in Shields
 20330 | Orc:2    | Bought a glowing zirconium amulet for 140 gold pieces
 20488 | Lair:1   | Entered Level 1 of the Lair of Beasts
 20572 | Lair:1   | Found a frozen archway.
 20583 | IceCv    | Entered an ice cave
 21432 | IceCv    | Noticed a reaper
 21573 | IceCv    | Killed a reaper
 21747 | IceCv    | Received a gift from Okawaru
 21772 | IceCv    | Identified a ring "Tuq Hox" {Ice Fly rN++}
 22802 | Lair:2   | Found a hole to the Spider Nest.
 22822 | Lair:2   | Slain by a 16-headed hydra

Illustrated notes

Levels and vault maps discovered:
D:1:      tarquinn_simple_flora_water_f, layout_loops_ring, serial_shops,
          nicolae_lakefront_shop
D:2:      layout_rooms, hellmonk_ecumenical_altar_heavens_door, basic_altar
D:3:      layout_loops_ring, gup_sewer_entry_bowl, hangedman_decor_push,
          saegor_snake_ambush
D:4:      minmay_clustersquares, layout_loops_ring,
          nicolae_sif_muna_little_library, gammafunk_ghost_arena,
          small_statue_intersection
D:5:      layout_rooms, chequers_temple_overflow_minitemple,
          minmay_temple_entry_sparse_star
D:6:      layout_basic, abandoned_shop, uniq_crazy_yiuf_cottage, uniq_pikel
D:7:      layout_rooms, uniq_duvessa, uniq_maggie
D:8:      layout_cave_pools, lemuel_tele_altar
D:9:      layout_grid_maze, mainiacjoe_overflow_six_doors_small,
          erik_lair_island, kennysheep_orc_monster_closet_entryway,
          onia_ninara_cookie
D:10:     layout_cave_pools, zin_angel, grunt_ministairs_15
D:11:     layout_rooms, nicolae_trove_entry_crystal, nicolae_uskayaw_dance_hall,
          uniq_sonja, uniq_snorg, uniq_harold
Temple:   nicolae_temple_bog_church
Lair:1:   dragon1_lemuel, layout_loops_ring, portal_ice_cave_entry_pillars_2,
          chequers_serial_rivers_small_3, serial_bayou_shore_a
Lair:2:   layout_cave_pods, spider_nest_entry_webs, grunt_megastairs_5,
          uniq_urug
Orc:1:    layout_diamond_mine, serial_shops, nicolae_shop_bloodbath_and_beyond,
          uniq_erica
Orc:2:    st_orc_town, layout_caves, roderic_batcave, bloody_makhleb

Skill      XL: |  1  2  3  4  5  6  7  8  9 10 11 12 13 |
---------------+----------------------------------------+-----
Armour         | 4 5 6 7 8 9 10 11 13 | 13.8
Fighting       | 4 5 7 8 9 10 11 13 | 13.8
Axes           | 3 4 5 6 7 9 10 11 12 13 | 13.5
Shields        | 4 5 6 9 11 13 15 16 | 16.8
Throwing       | 2 3 4 5 6 |  6.5
Invocations    | 2 3 4 5 6 |  6.4

Action                   |  1- 3 |  4- 6 |  7- 9 | 10-12 | 13-15 || total
-------------------------+-------+-------+-------+-------+-------++-------
Melee: War axe           |   112 |   154 |   221 |   712 |   401 ||  1600
       Headbutt          |     9 |    15 |    45 |   142 |   105 ||   316
Throw: Dart              |       |       |    21 |   101 |    15 ||   137
Invok: Heroism           |       |       |       |     1 |     1 ||     2
       Finesse           |       |       |       |       |     1 ||     1
  Use: Scroll            |       |       |    10 |     3 |     4 ||    17
       Potion            |       |       |       |     3 |       ||     3
Armor: Scale mail        |    68 |    55 |    73 |     2 |       ||   198
       Plate armour      |       |       |       |   291 |   167 ||   458
Dodge: Dodged            |    61 |    84 |   167 |   404 |   161 ||   877
Block: Buckler           |    21 |    37 |    60 |   250 |   119 ||   487
       Kite shield       |       |       |       |    23 |       ||    23
